 Dungeon Crawl Stone Soup version 0.31.0-32-g396128a36d (webtiles) character file.

Game seed: 3529642370846511176

5643 hawla the Cruncher (level 10, 0/50 HPs)
             Began as a Deep Elf Fire Elementalist on Apr 15, 2024.
             Was a Follower of Vehumet.
             Slain by an orc warrior
             ... wielding a +0 halberd
              (18 damage)
             ... while paralysed by a hornet
             ... on level 9 of the Dungeon.
             The game lasted 00:20:55 (9772 turns).

hawla the Cruncher (Deep Elf Fire Elementalist)     Turns: 9772, Time: 00:20:57

Health: 0/50       AC:  7    Str:  5    XL:     10   Next: 46%
Magic:  1/19       EV:  2    Int: 25    God:    Vehumet [*.....]
Gold:   311        SH:  0    Dex: 15    Spells: 12/19 levels left

rFire   + . .        o - staff of alchemy
rCold   + . .        (no shield)
rNeg    . . .        x - +0 troll leather armour
rPois   +            (no helmet)
rElec   .            m - +1 cloak
rCorr   .            (no gloves)
SInv    .            n - +1 pair of boots
Will    ++...        (no amulet)
Stlth   ++           c - ring of protection from cold
HPRegen 1.08/turn    i - ring of protection from fire
MPRegen 0.16/turn

%: no passive effects
@: paralysed, lethally poisoned (0 -> -3), marked, enlightened, flying
A: no striking features
a: Renounce Religion


You were on level 9 of the Dungeon.
You worshipped Vehumet.
Vehumet was aware of your devotion.
You visited 2 branches of the dungeon, and saw 10 of its levels.

You collected 569 gold pieces.
You spent 258 gold pieces at shops.

Inventory:

Hand Weapons
 l - a +4 quarterstaff of electrocution
 t - the +3 flail "Kekle" {spect, Will++}
   (You found it on level 4 of the Dungeon)

   Will++:    It greatly increases your willpower.
Armour
 m - a +1 cloak (worn)
 n - a +1 pair of boots (worn)
 x - a +0 troll leather armour (worn)
Magical Staves
 o - a staff of alchemy (weapon)
Jewellery
 c - a ring of protection from cold (left hand)
 i - a ring of protection from fire (right hand)
 v - a ring of fire
 w - a ring of resist corrosion
 y - a +4 ring of protection
Wands
 h - a wand of roots (7)
 r - a wand of flame (13) (quivered)
 s - a wand of polymorph (9)
Scrolls
 a - a scroll of identify
 f - 3 scrolls of vulnerability
 g - 4 scrolls of fog
 k - 2 scrolls of revelation
Potions
 d - a potion of brilliance
 e - a potion of curing
 u - 2 potions of might {unknown}


   Skills:
 + Level 9.7 Staves
 - Level 4.0 Armour
 - Level 2.4 Dodging
 - Level 2.4 Stealth
 - Level 5.1 Spellcasting
 - Level 4.8 Conjurations
 - Level 7.3 Fire Magic
 - Level 1.8 Alchemy
 - Level 8.3 Evocations


You had 12 spell levels left.
You knew the following spells:

 Your Spells              Type           Power      Damage    Failure   Level
a - Foxfire               Conj/Fire      100%       2x1d9     1%          1
b - Scorch                Fire           86%        2d8       1%          2
c - Flame Wave            Conj/Fire      36%        2d10      11%         4

Your spell library contained the following spells:

 Spells                   Type           Power      Damage    Failure   Level
 Magic Dart               Conj           100%       1d8       1%          1
 Inner Flame              Hex/Fire       24%        N/A       9%          3
 Volatile Blastmotes      Fire/Tloc      48%        2d14      9%          3
 Call Canine Familiar     Summ           6%         N/A       36%         3
 Frozen Ramparts          Ice            12%        1d2       36%         3
 Sigil of Binding         Hex            6%         N/A       36%         3
 Leda's Liquefaction      Alch/Erth      8%         N/A       65%         4
 Petrify                  Alch/Erth      16%        N/A       65%         4
 Dimensional Bullseye     Hex/Tloc       3%         N/A       77%         4
 Metabolic Englaciation   Hex/Ice        3%         N/A       98%         5


Dungeon Overview and Level Annotations

Branches:
Dungeon (9/15)             Temple (1/1) D:6            Lair (0/5) D:8
    Orc: D:9-12

Altars:
Ashenzari
Cheibriados
Dithmenos
Elyvilon
Fedhas
Gozag
Hepliaklqana
Nemelex Xobeh
Okawaru
Qazlal
Ru
Sif Muna
Uskayaw
Vehumet
Wu Jian
Yredelemnul
Zin
The Shining One

Shops:
D:4 =   D:5 ?   D:7 (

Annotations:
D:7 dig the wights
D:9 Amaemon, Harold


Message History

The orc warrior is severely wounded.
The orc warrior's fire resistance burns away.
You feel yourself slow down.
The orc warrior closely misses your butterfly.
The orc warrior hits you but does no damage.
You swap places.
The hornet barely misses your butterfly.
The hornet closely misses your butterfly.
The orc warrior misses your butterfly. The orc warrior misses you.
You swap places.
The orc warrior closely misses your butterfly.
The orc warrior hits you with a +0 halberd.
You hit the orc warrior but do no damage.
The orc warrior is heavily wounded.
The hornet closely misses you. The hornet stings you.
Unknown command.
You hit the orc warrior but do no damage.
The orc warrior is heavily wounded.
The orc warrior hits your butterfly with a +0 war axe.
Your butterfly dies!
Your butterfly disappears in a burst of colours!
The orc warrior closely misses your butterfly.
The orc warrior hits you with a +0 halberd.
The hornet stings you!
You hit the orc warrior but do no damage.
The orc warrior is heavily wounded.
The orc warrior is no longer more vulnerable to fire.
The orc warrior misses your butterfly.
The orc warrior completely misses your butterfly.
The orc warrior hits you with a +0 halberd!
The hornet barely misses you.
As you read the scroll labelled FESHOJ ZEKEVE, it crumbles to dust.
It is a scroll of brand weapon.
Your +4 quarterstaff of chaos crackles with electricity.
l - a +4 quarterstaff of electrocution The hornet stings you.
You are poisoned.
You suddenly lose the ability to move!
The orc warrior hits you with a +0 halberd!!
You die... .#.#.#.#.# ..# ⌠ #..# # . #.# #. ## #### #.b#### #bbbbb###

####bb@y###
####ob..###
.....bbbo.o####
#####...##oo..###
#########.o.####
###....###
#....... #.###.##
#.#.....


You could see a hornet (ally target), 2 orc warriors, 2 orc wizards and an orc.

Vanquished Creatures
  Pikel (D:8)
  A gargoyle (D:7)
  An unseen horror (D:8)
  A troll (D:7)
  Grinder (D:3)
  Prince Ribbit (D:8)
  Sigmund (D:4)
  A steam dragon (D:7)
  Edmund (D:4)
  4 vampire mosquitoes (D:8)
  4 water moccasins
  An orc warrior (D:8)
  A black bear (D:5)
  An ice beast (D:8)
  3 sky beasts
  4 centaurs
  An ogre (D:5)
  4 lemures (D:8)
  A kobold brigand (D:6)
  5 bullfrogs
  A gnoll sergeant (D:5)
  6 scorpions
  A wight (D:8)
  3 killer bees (D:8)
  A howler monkey (D:5)
  3 orc priests
  Crazy Yiuf (D:2)
  4 hounds
  A jelly (D:8)
  A gnoll bouda (D:5)
  A sleepcap (D:6)
  4 orc wizards
  Ijyb (D:4)
  3 iguanas (D:5)
  15 gnolls
  4 adders
  A shadow imp (D:5)
  A ribbon worm (D:2)
  4 dart slugs
  15 orcs
  2 bat skeletons (D:9)
  2 bat zombies (D:9)
  6 endoplasms
  5 giant cockroaches
  11 hobgoblins
  5 jackals (D:1)
  7 quokkas
  8 ball pythons
  6 bats
  5 frilled lizards
  8 goblins
  9 kobolds
  5 rats
188 creatures vanquished.

Vanquished Creatures (collateral kills)
  A foxfire (D:8)
1 creature vanquished.

Vanquished Creatures (others)
  386 foxfires
386 creatures vanquished.

Grand Total: 575 creatures vanquished

Notes
Turn   | Place    | Note
-------+----------+-------------------------------------------
     0 | D:1      | hawla the Deep Elf Fire Elementalist began the quest for
                  | the Orb.
     0 | D:1      | Reached XP level 1. HP: 10/10 MP: 6/6
   216 | D:1      | Reached XP level 2. HP: 15/15 MP: 1/8
   384 | D:1      | Learned a level 2 spell: Scorch
   563 | D:1      | Reached XP level 3. HP: 19/19 MP: 5/9
   848 | D:1      | Reached skill level 5 in Fire Magic
  1715 | D:2      | Found a faded altar of an unknown god.
  1761 | D:2      | Reached XP level 4. HP: 24/24 MP: 5/10
  1766 | D:2      | Learned a level 4 spell: Flame Wave
  2242 | D:2      | Found a runed translucent door.
  2243 | D:2      | Noticed Crazy Yiuf
  2360 | D:2      | Killed Crazy Yiuf
  2766 | D:3      | Noticed Grinder
  2775 | D:3      | Killed Grinder
  2776 | D:3      | Reached XP level 5. HP: 28/28 MP: 3/13
  2776 | D:3      | Reached XP level 6. HP: 32/32 MP: 3/14
  3008 | D:3      | Found a hide-covered altar of Uskayaw.
  3424 | D:4      | Found a transporter.
  3426 | D:4      | Found Goytil's Jewellery Boutique.
  3449 | D:4      | Found a transporter.
  3703 | D:4      | Noticed Ijyb
  3708 | D:4      | Killed Ijyb
  3925 | D:4      | Noticed Edmund
  3939 | D:4      | Killed Edmund
  3940 | D:4      | Reached skill level 1 in Staves
  4038 | D:4      | Noticed Sigmund
  4055 | D:4      | Killed Sigmund
  4056 | D:4      | Reached skill level 1 in Alchemy
  4056 | D:4      | Reached skill level 1 in Evocations
  4056 | D:4      | Reached XP level 7. HP: 27/36 MP: 11/16
  4061 | D:4      | Identified the +3 flail "Kekle" {spect, Will++}
  4289 | D:5      | Entered Level 5 of the Dungeon
  4347 | D:5      | Reached skill level 5 in Spellcasting
  4390 | D:5      | Found Borint's Magic Scroll Emporium.
  4397 | D:5      | Bought a scroll of revelation for 82 gold pieces
  4397 | D:5      | Bought a scroll of butterflies for 44 gold pieces
  4397 | D:5      | Bought a scroll of fog for 44 gold pieces
  4397 | D:5      | Bought a scroll of teleportation for 33 gold pieces
  4397 | D:5      | Bought a scroll of teleportation for 33 gold pieces
  4397 | D:5      | Bought a scroll of identify for 22 gold pieces
  4566 | D:5      | Reached skill level 2 in Staves
  4577 | D:5      | Reached XP level 8. HP: 41/41 MP: 3/17
  4746 | D:5      | Reached skill level 3 in Staves
  5764 | D:5      | Reached skill level 4 in Staves
  6154 | D:6      | Reached skill level 5 in Evocations
  6487 | D:6      | Reached skill level 5 in Staves
  6581 | D:6      | Found a staircase to the Ecumenical Temple.
  6591 | Temple   | Entered the Ecumenical Temple
  7022 | D:7      | Found Pumiyn's Antique Weapon Emporium.
  7031 | D:7      | Noticed a troll
  7033 | D:7      | Reached XP level 9. HP: 12/45 MP: 9/18
  7234 | D:7      | Found a radiant altar of Vehumet.
  7274 | D:7      | Killed a troll
  7275 | D:7      | Reached skill level 6 in Staves
  7293 | D:7      | Became a worshipper of Vehumet
  7462 | D:7      | Found a white marble altar of Elyvilon.
  7478 | D:7      | Reached skill level 1 in Armour
  7656 | D:7      | Noticed a gargoyle
  7676 | D:7      | Killed a gargoyle
  8083 | D:8      | Noticed Pikel
  8091 | D:8      | HP: 2/45 [lemure[Pikel] (4)]
  8092 | D:8      | Killed Pikel
  8093 | D:8      | Reached skill level 7 in Staves
  8425 | D:8      | Found a stormy altar of Qazlal.
  8429 | D:8      | Reached XP level 10. HP: 30/50 MP: 12/19
  8720 | D:8      | Reached skill level 8 in Staves
  8723 | D:8      | Noticed Prince Ribbit
  8730 | D:8      | Found a staircase to the Lair.
  8864 | D:8      | Killed Prince Ribbit
  8865 | D:8      | Reached skill level 9 in Staves
  9051 | D:8      | Found an opulent altar of Gozag.
  9169 | D:8      | Found a shimmering blue altar of Sif Muna.
  9376 | D:8      | Found a sparkling altar of Nemelex Xobeh.
  9658 | D:9      | Reached * piety under Vehumet
  9658 | D:9      | Offered knowledge of Magic Dart by Vehumet.
  9709 | D:9      | Noticed Harold
  9715 | D:9      | Noticed Amaemon
  9716 | D:9      | Noticed an orange demon
  9772 | D:9      | Paralysed by a hornet for 1 turns
  9772 | D:9      | Slain by an orc warrior

Illustrated notes

Levels and vault maps discovered:
D:1:      elethiomel_arrival_infinity_welcomes_careful_drivers, layout_basic,
          minmay_hexomino_u4
D:2:      layout_basic, hellmonk_ecumenical_altar_pennies_from_heaven,
          uniq_crazy_yiuf_cottage
D:3:      layout_loops_ring, general_overflow_altar, nicolae_underground_beach,
          uniq_grinder
D:4:      layout_basic, serial_shops, nicolae_shop_drivethru,
          sigmund_edmund_badplayer, uniq_ijyb
D:5:      layout_loops_ring, serial_shops, shop, minivault_23,
          kennysheep_small_spiral, minmay_misc_feat_columns, st_stairs_6
D:6:      layout_basic, minmay_temple_entry_wispy
D:7:      layout_basic, lemuel_tele_altar, lemuel_round_altar, serial_shops,
          shop, due_unseen_surprise
D:8:      layout_loops_ring, old_standard_altar, hellmonk_sif_muna_bookshelves,
          nicolae_qazlal_scattered_showers,
          nicolae_gozag_cash_rules_everything_around_me,
          due_lair_maze_entry_diamond, columned_hall_lemuel, uniq_pikel,
          uniq_prince_ribbit1
D:9:      layout_cave_pods, xom_confusion_cloud, lightli_temple_of_fire,
          kennysheep_vampire_church, serial_rivers,
          chequers_serial_rivers_small_3, chequers_serial_rivers_micro_e,
          chequers_serial_rivers_small_3, chequers_serial_rivers_room_b,
          st_stairs_3, minivault_21, grunt_ministairs_14,
          minmay_shop_grid_forest, hangedman_abyss_or_decor_lesser_grid,
          blue_anna_alchemist, grunt_decor_arrowhead, uniq_amaemon, uniq_joseph,
          uniq_harold
Temple:   bh_familiar_temple

Skill      XL: |  1  2  3  4  5  6  7  8  9 10 |
---------------+-------------------------------+-----
Fire Magic     | 4 5 6 7 |  7.3
Conjurations   | 3 4 |  4.8
Spellcasting   | 4 5 |  5.1
Staves         | 1 2 5 7 9 |  9.7
Alchemy        | 1 |  1.8
Evocations     | 1 2 6 8 |  8.3
Armour         | 3 4 |  4.0
Dodging        | |  2.4
Stealth        | |  2.4

Action                     |  1- 3 |  4- 6 |  7- 9 | 10-12 || total
---------------------------+-------+-------+-------+-------++-------
  Melee: Unarmed           |     5 |     5 |       |       ||    10
         Quarterstaff      |       |    15 |     5 |       ||    20
         Staff             |       |    15 |    22 |     5 ||    42
         Punch             |       |     1 |       |       ||     1
   Cast: Foxfire           |    64 |    43 |    94 |    32 ||   233
         Scorch            |    11 |    22 |    72 |    19 ||   124
         Flame Wave        |       |       |     9 |     8 ||    17
    Use: Scroll            |     3 |     6 |     8 |     5 ||    22
         Potion            |       |     1 |     5 |     6 ||    12
   Stab: Sleeping          |       |     1 |       |       ||     1
 Armour: Robe              |    15 |    32 |    56 |       ||   103
         Skin              |       |     1 |    12 |     4 ||    17
         Troll leather arm |       |       |    21 |    54 ||    75
  Dodge: Dodged            |    10 |    27 |    51 |    30 ||   118
